[ AOE2 MATCH · #506366198 ]
UnrankedTurks vs Tupi
Player's team · WIN
[ REPLAY ANALYSIS · EXTRACTED FROM THE RECORDED GAME ]
Feudal
10:55
Castle
24:17
Imperial
—
| APM avg | 60.7 |
| APM peak | 99 |
| eAPM avg | 30.9 |
| Villagers / military | 108 / 138 |
Focus
⚔️ 43.7% · 🌾 56.3%
Archer ×129 · Militia ×7 · Janissary ×2
Feudal
8:50
Castle
22:13
Imperial
—
| APM avg | 103.9 |
| APM peak | 168 |
| eAPM avg | 56.2 |
| Villagers / military | 122 / 28 |
Focus
⚔️ 65.9% · 🌾 34.1%
Unknown (2550) ×72 · Archer ×20 · Monk ×4 · Mangonel ×4
Match map
Initial resources + every placement click. Lines = walls · curves = elevation contours. ◆ gold · ⬟ stone · ● berries · ✦ relic · ◌ wall gap
Your base· Open — 6t gap
Kyth's base· Open — unwalled flank
Smoothed initial terrain · ◌ = detected wall gap · hover for details
Inputs per minute
— [DGLOS] DyouDi - - Kyth
Build order — [DGLOS] DyouDi
First 150 of 385 actions detected
| 0:00 | Create | Villager (Male) |
| 0:00 | Create | Villager (Male) |
| 0:01 | Build | House |
| 0:02 | Build | House |
| 0:04 | Create | Villager (Male) |
| 0:04 | Create | Villager (Male) |
| 0:05 | Create | Villager (Male) |
| 1:28 | Create | Villager (Male) |
| 1:29 | Create | Villager (Male) |
| 2:01 | Create | Villager (Male) |
| 2:01 | Create | Villager (Male) |
| 2:13 | Create | Villager (Male) |
| 2:13 | Create | Villager (Male) |
| 2:27 | Build | Lumber Camp |
| 2:50 | Create | Villager (Male) |
| 2:50 | Create | Villager (Male) |
| 3:15 | Create | Villager (Male) |
| 3:15 | Create | Villager (Male) |
| 3:38 | Build | House |
| 3:38 | Build | House |
| 4:09 | Create | Villager (Male) |
| 4:10 | Create | Villager (Male) |
| 4:29 | Create | Villager (Male) |
| 4:29 | Create | Villager (Male) |
| 4:29 | Create | Villager (Male) |
| 4:44 | Create | Villager (Male) |
| 4:44 | Create | Villager (Male) |
| 5:01 | Create | Villager (Male) |
| 5:23 | Build | Barracks |
| 5:34 | Create | Villager (Male) |
| 5:35 | Create | Villager (Male) |
| 5:53 | Build | House |
| 6:05 | Create | Villager (Male) |
| 6:20 | Create | Militia |
| 6:20 | Create | Militia |
| 6:27 | Create | Villager (Male) |
| 6:37 | Create | Militia |
| 6:57 | Build | Mill |
| 7:08 | Create | Villager (Male) |
| 7:54 | Create | Villager (Male) |
| 7:56 | Research | Loom |
| 8:10 | Build | House |
| 8:22 | Build | Palisade Wall |
| 8:28 | Research | Feudal Age |
| 8:28 | Research | Feudal Age |
| 9:00 | Build | Palisade Wall |
| 9:02 | Build | Palisade Wall |
| 9:09 | Build | Mining Camp |
| 9:29 | Create | Militia |
| 9:52 | Create | Villager (Male) |
| 10:02 | Create | Militia |
| 10:04 | Create | Villager (Male) |
| 10:08 | Build | Palisade Wall |
| 10:10 | Build | Palisade Wall |
| 10:15 | Build | House |
| 10:17 | Create | Militia |
| 10:20 | Build | Palisade Wall |
| 10:31 | Create | Militia |
| 10:55 | Age | Feudal Age |
| 11:26 | Create | Villager (Male) |
| 11:26 | Create | Villager (Male) |
| 11:27 | Build | Barracks |
| 11:30 | Build | Barracks |
| 11:33 | Build | Archery Range |
| 11:43 | Build | Farm |
| 11:44 | Build | Farm |
| 11:47 | Build | Farm |
| 11:50 | Build | Farm |
| 12:03 | Build | House |
| 12:07 | Create | Villager (Male) |
| 12:07 | Create | Villager (Male) |
| 12:11 | Build | House |
| 12:23 | Create | Villager (Male) |
| 12:29 | Research | Man-at-Arms (upgrade) |
| 12:34 | Build | House |
| 12:41 | Build | Farm |
| 12:42 | Build | Farm |
| 12:45 | Build | Farm |
| 12:48 | Build | Farm |
| 12:49 | Create | Archer |
| 12:50 | Create | Archer |
| 12:50 | Create | Villager (Male) |
| 12:51 | Create | Villager (Male) |
| 13:04 | Build | Palisade Wall |
| 13:06 | Build | Palisade Wall |
| 13:10 | Create | Archer |
| 13:12 | Create | Villager (Male) |
| 13:28 | Build | Watch Tower |
| 13:33 | Create | Archer |
| 13:42 | Create | Villager (Male) |
| 14:00 | Create | Villager (Male) |
| 14:03 | Create | Villager (Male) |
| 14:10 | Research | Double-Bit Axe |
| 14:10 | Research | Double-Bit Axe |
| 14:12 | Create | Archer |
| 14:27 | Build | Blacksmith |
| 14:32 | Build | House |
| 14:38 | Build | House |
| 15:07 | Create | Archer |
| 15:07 | Create | Villager (Male) |
| 15:09 | Build | Farm |
| 15:14 | Research | Fletching |
| 15:14 | Research | Fletching |
| 15:15 | Create | Archer |
| 15:16 | Create | Villager (Male) |
| 15:20 | Build | Palisade Wall |
| 15:30 | Build | Farm |
| 15:32 | Build | Farm |
| 15:36 | Create | Villager (Male) |
| 15:42 | Build | House |
| 15:43 | Build | Palisade Wall |
| 15:56 | Create | Archer |
| 16:00 | Build | Farm |
| 16:02 | Create | Archer |
| 16:06 | Create | Villager (Male) |
| 16:14 | Build | Farm |
| 16:16 | Create | Archer |
| 16:18 | Create | Villager (Male) |
| 16:40 | Build | House |
| 16:41 | Build | House |
| 16:43 | Build | House |
| 16:46 | Build | House |
| 16:48 | Build | Palisade Wall |
| 16:50 | Create | Archer |
| 16:53 | Create | Villager (Male) |
| 16:54 | Create | Villager (Male) |
| 16:58 | Build | Archery Range |
| 17:15 | Create | Archer |
| 17:22 | Create | Archer |
| 17:26 | Research | Padded Archer Armor |
| 17:26 | Research | Padded Archer Armor |
| 17:27 | Create | Archer |
| 17:29 | Build | Farm |
| 17:31 | Build | Farm |
| 17:33 | Create | Archer |
| 17:36 | Create | Archer |
| 17:42 | Create | Archer |
| 18:13 | Create | Archer |
| 18:13 | Create | Archer |
| 18:14 | Create | Villager (Male) |
| 18:16 | Build | Farm |
| 18:19 | Build | Farm |
| 18:20 | Create | Archer |
| 18:28 | Build | Archery Range |
| 18:30 | Create | Archer |
| 18:50 | Create | Archer |
| 18:52 | Create | Archer |
| 18:57 | Create | Villager (Male) |
| 19:00 | Build | Farm |
| 19:03 | Build | Lumber Camp |
Build order — Kyth
First 150 of 358 actions detected
| 0:00 | Create | Villager (Male) |
| 0:01 | Create | Villager (Male) |
| 0:01 | Create | Villager (Male) |
| 0:02 | Build | House |
| 0:02 | Build | House |
| 0:05 | Create | Villager (Male) |
| 1:00 | Create | Villager (Male) |
| 1:01 | Create | Villager (Male) |
| 1:27 | Create | Villager (Male) |
| 1:27 | Create | Villager (Male) |
| 1:45 | Build | Settlement |
| 1:59 | Create | Villager (Male) |
| 1:59 | Create | Villager (Male) |
| 2:16 | Create | Villager (Male) |
| 2:16 | Create | Villager (Male) |
| 2:46 | Create | Villager (Male) |
| 2:47 | Create | Villager (Male) |
| 3:30 | Create | Villager (Male) |
| 3:31 | Create | Villager (Male) |
| 3:31 | Create | Villager (Male) |
| 4:07 | Create | Villager (Male) |
| 4:07 | Create | Villager (Male) |
| 5:11 | Build | Barracks |
| 5:14 | Create | Villager (Male) |
| 5:19 | Build | House |
| 5:44 | Create | Villager (Male) |
| 5:44 | Research | Loom |
| 6:24 | Build | Settlement |
| 6:33 | Create | Unit 2550 |
| 6:38 | Research | Feudal Age |
| 7:09 | Create | Unit 2550 |
| 7:10 | Create | Unit 2550 |
| 7:32 | Create | Unit 2550 |
| 7:32 | Create | Unit 2550 |
| 8:02 | Build | Settlement |
| 8:23 | Build | Palisade Wall |
| 8:24 | Build | Palisade Wall |
| 8:24 | Build | Palisade Wall |
| 8:27 | Build | House |
| 8:29 | Build | Palisade Wall |
| 8:33 | Build | Palisade Wall |
| 8:34 | Build | Palisade Wall |
| 8:36 | Build | Palisade Wall |
| 8:39 | Build | House |
| 8:47 | Create | Villager (Male) |
| 8:50 | Age | Feudal Age |
| 8:53 | Research | Tech 1402 |
| 8:53 | Research | Tech 1402 |
| 9:02 | Research | Double-Bit Axe |
| 9:02 | Research | Double-Bit Axe |
| 9:02 | Create | Villager (Male) |
| 9:36 | Create | Villager (Male) |
| 9:36 | Create | Villager (Male) |
| 9:44 | Build | Archery Range |
| 9:46 | Build | Palisade Wall |
| 9:58 | Build | Palisade Wall |
| 10:07 | Create | Villager (Male) |
| 10:07 | Create | Villager (Male) |
| 10:13 | Build | Farm |
| 10:14 | Build | Farm |
| 10:26 | Build | House |
| 10:38 | Build | Farm |
| 10:41 | Build | Palisade Wall |
| 10:42 | Build | Palisade Wall |
| 10:51 | Create | Archer |
| 11:11 | Create | Villager (Male) |
| 11:24 | Create | Archer |
| 11:38 | Create | Villager (Male) |
| 11:46 | Build | Palisade Wall |
| 11:47 | Build | Palisade Wall |
| 11:49 | Create | Villager (Male) |
| 11:50 | Create | Archer |
| 11:53 | Build | Farm |
| 12:04 | Create | Archer |
| 12:24 | Create | Villager (Male) |
| 12:26 | Build | House |
| 12:29 | Build | Palisade Wall |
| 12:35 | Create | Unit 2550 |
| 12:43 | Build | Farm |
| 12:56 | Create | Villager (Male) |
| 12:57 | Create | Archer |
| 13:16 | Create | Archer |
| 13:17 | Create | Unit 2550 |
| 13:31 | Build | Blacksmith |
| 13:32 | Create | Villager (Male) |
| 13:32 | Create | Villager (Male) |
| 13:45 | Create | Archer |
| 13:59 | Create | Villager (Male) |
| 14:00 | Create | Archer |
| 14:03 | Build | Farm |
| 14:04 | Build | Farm |
| 14:18 | Create | Villager (Male) |
| 14:37 | Build | Farm |
| 14:52 | Research | Fletching |
| 14:55 | Create | Archer |
| 14:56 | Build | House |
| 15:10 | Create | Villager (Male) |
| 15:12 | Build | House |
| 15:13 | Build | House |
| 15:31 | Build | House |
| 15:33 | Build | Farm |
| 15:36 | Create | Villager (Male) |
| 15:43 | Create | Archer |
| 15:48 | Build | Farm |
| 15:57 | Build | House |
| 16:03 | Build | House |
| 16:07 | Build | Palisade Wall |
| 16:09 | Build | Palisade Wall |
| 16:11 | Create | Villager (Male) |
| 16:12 | Create | Archer |
| 16:42 | Create | Villager (Male) |
| 16:43 | Create | Archer |
| 16:46 | Build | Farm |
| 16:55 | Create | Archer |
| 17:08 | Create | Villager (Male) |
| 17:23 | Create | Villager (Male) |
| 17:33 | Build | Farm |
| 17:36 | Build | Farm |
| 18:12 | Create | Villager (Male) |
| 18:14 | Create | Archer |
| 18:22 | Build | Farm |
| 18:29 | Build | Farm |
| 18:30 | Build | Farm |
| 18:32 | Build | Farm |
| 18:33 | Build | Farm |
| 18:41 | Create | Villager (Male) |
| 18:42 | Create | Archer |
| 19:03 | Create | Archer |
| 19:08 | Create | Villager (Male) |
| 19:27 | Research | Castle Age |
| 19:27 | Research | Castle Age |
| 19:43 | Research | Horse Collar |
| 19:43 | Research | Horse Collar |
| 19:54 | Create | Archer |
| 20:01 | Create | Unit 2550 |
| 20:12 | Research | Scale Mail Armor |
| 20:24 | Build | Barracks |
| 20:32 | Create | Unit 2550 |
| 20:32 | Create | Archer |
| 20:34 | Build | Farm |
| 20:41 | Research | Gold Mining |
| 20:56 | Create | Unit 2550 |
| 20:59 | Build | Farm |
| 21:17 | Create | Unit 2550 |
| 21:18 | Create | Unit 2550 |
| 21:20 | Create | Villager (Male) |
| 21:52 | Create | Unit 2550 |
| 22:11 | Create | Villager (Male) |
| 22:13 | Age | Castle Age |
| 22:15 | Build | University |
Match timeline
| 5:11 | Kyth · first_building Barracks |
| 5:23 | [DGLOS] DyouDi · first_building Barracks |
| 8:22 | [DGLOS] DyouDi · wall_segment Palisade Wall x5 |
| 8:23 | Kyth · wall_segment Palisade Wall x1 |
| 8:24 | Kyth · wall_segment Palisade Wall x1 |
| 8:24 | Kyth · wall_segment Palisade Wall x1 |
| 8:29 | Kyth · wall_segment Palisade Wall x1 |
| 8:33 | Kyth · wall_segment Palisade Wall x1 |
| 8:34 | Kyth · wall_segment Palisade Wall x1 |
| 8:36 | Kyth · wall_segment Palisade Wall x1 |
| 8:50 | Kyth · age_up feudal |
| 9:00 | [DGLOS] DyouDi · wall_segment Palisade Wall x2 |
| 9:02 | [DGLOS] DyouDi · wall_segment Palisade Wall x1 |
| 9:44 | Kyth · first_building Archery Range |
| 9:46 | Kyth · wall_segment Palisade Wall x1 |
| 9:58 | Kyth · wall_segment Palisade Wall x1 |
| 10:08 | [DGLOS] DyouDi · wall_segment Palisade Wall x1 |
| 10:10 | [DGLOS] DyouDi · wall_segment Palisade Wall x1 |
| 10:20 | [DGLOS] DyouDi · wall_segment Palisade Wall x11 |
| 10:41 | Kyth · wall_segment Palisade Wall x1 |
| 10:42 | Kyth · wall_segment Palisade Wall x1 |
| 10:55 | [DGLOS] DyouDi · age_up feudal |
| 11:33 | [DGLOS] DyouDi · first_building Archery Range |
| 11:46 | Kyth · wall_segment Palisade Wall x1 |
| 11:47 | Kyth · wall_segment Palisade Wall x1 |
| 12:29 | Kyth · wall_segment Palisade Wall x14 |
| 13:04 | [DGLOS] DyouDi · wall_segment Palisade Wall x1 |
| 13:06 | [DGLOS] DyouDi · wall_segment Palisade Wall x1 |
| 15:20 | [DGLOS] DyouDi · wall_segment Palisade Wall x2 |
| 15:43 | [DGLOS] DyouDi · wall_segment Palisade Wall x1 |
| 16:07 | Kyth · wall_segment Palisade Wall x6 |
| 16:09 | Kyth · wall_segment Palisade Wall x13 |
| 16:48 | [DGLOS] DyouDi · wall_segment Palisade Wall x1 |
| 20:36 | [DGLOS] DyouDi · first_market_buy 100 food |
| 21:27 | [DGLOS] DyouDi · first_market_sell 100 wood |
| 22:13 | Kyth · age_up castle |
| 24:17 | [DGLOS] DyouDi · age_up castle |
| 29:51 | Kyth · first_market_buy 100 food |
| 30:02 | Kyth · first_building Monastery |
| 30:28 | [DGLOS] DyouDi · wall_segment Stone Wall x3 |
| 30:30 | [DGLOS] DyouDi · wall_segment Stone Wall x4 |
| 33:31 | Kyth · first_building Siege Workshop |
| 34:02 | [DGLOS] DyouDi · wall_segment Palisade Wall x4 |
| 34:44 | Kyth · first_building Castle |
| 35:20 | [DGLOS] DyouDi · first_building Castle |
| 37:09 | Kyth · resign |
[ AI ANALYSIS · 1 CREDIT ]
What really happened in this match?
Wolo.gg analyzes every decision: build order, eco, micro, common mistakes by bracket. Personalized analysis on WhatsApp or Discord in 30 seconds.
Civ guide
Turks
Perfil
Jugador #626567